Map: 2000 Atmospheres LE

Players

Equilibrium

  • Race: Zerg Zerg

Tithmar - Winner!

  • Race: Zerg Zerg

VOD

Have the link to the VOD?

Description

Time

  • Played on: April 1, 2022, 12:16 p.m.
  • Length: 12:03
Show
View Real Time Build Order
Export as new Build Order

Equilibrium Zerg 

Build Orders: Hatch First 

Get SALT Encoding   

  12  0:01  Drone  
  13  0:13  Overlord  
  13  0:16  Drone  
  14  0:33  Drone  
  16  0:50  Drone  
  16  0:51  Hatchery  
  15  0:57  Drone  
  15  0:59  Drone  
  17  1:14  Spawning Pool  
  17  1:16  Drone  
  17  1:20  Drone  
  18  1:26  Overlord  
  18  1:33  Drone  
  18  1:39  Extractor  
  18  1:45  Drone  
  19  2:04  Drone  
  19  2:06  Drone  
  21  2:08  Queen  
  21  2:10  Queen  
  21  2:14  Drone  
  26  2:23  Zergling x4  
  26  2:27  Zergling x2  
  29  2:30  Drone  
  29  2:35  Drone  
  31  2:46  Metabolic Boost  
  31  3:04  Drone x2  
  33  3:08  Zergling x6  
  36  3:14  Extractor  
  36  3:19  Drone  
  36  3:21  Overlord x2  
  36  3:30  Overlord  
  36  3:39  Queen  
  38  3:50  Zergling x2  
  39  3:57  Roach Warren  
  38  4:03  Drone  
  38  4:04  Drone x3  
  38  4:05  Drone  
  43  4:10  Zergling x2  
  43  4:12  Overlord x2  
  43  4:14  Drone  
  43  4:16  Drone x2  
  47  5:01  Drone x2  
  47  5:02  Drone x4  
  47  5:03  Roach  
  47  5:06  Roach x4  
  63  5:20  Extractor  
  62  5:22  Roach x3  
  62  5:24  Overlord  
  62  5:25  Overlord  
  68  5:52  Roach x3  
  68  5:53  Roach x2  
  78  5:59  Roach x3  
  84  6:08  Evolution Chamber  
  84  6:10  Zergling x4  
  85  6:15  Zergling x6  
  85  6:18  Overlord  
  87  6:35  Ravager x5  
  87  6:36  Ravager  
  74  7:04  Roach x2  
  74  7:05  Roach x4  
  71  7:42  Roach x2  
  71  7:43  Roach x4  
  78  7:45  Roach x2  
  78  7:46  Roach  
  84  8:30  Zerg Missile Weapons Level 1  
  84  8:32  Roach  
  84  8:33  Roach x2  
  90  8:36  Overlord x3  
  90  8:54  Lair  
  90  9:01  Hatchery  
  89  9:07  Ravager  
  89  9:08  Ravager x2  
  92  9:13  Ravager  
  93  9:17  Overlord  
  93  9:18  Overlord x4  
  93  9:28  Extractor  
  92  9:33  Roach x5  
  92  9:36  Overlord x3  
  102  9:43  Ravager  
  103  10:01  Drone  
  103  10:02  Overlord x3  
  104  10:18  Lair  
  74  10:49  Ravager  
  59  10:55  Roach x5  
  59  10:56  Roach  
  64  10:57  Roach  
  64  10:58  Roach x4  
  74  11:08  Roach  
  74  11:22  Ravager  
  74  11:23  Ravager  
Show
View Real Time Build Order
Export as new Build Order

Tithmar Zerg - Winner!

Build Orders: Pool First 

Get SALT Encoding   

  12  0:02  Drone  
  13  0:13  Overlord  
  13  0:37  Drone  
  13  0:38  Drone  
  13  0:39  Drone  
  16  0:51  Drone  
  17  1:07  Drone  
  18  1:13  Spawning Pool  
  17  1:32  Drone x2  
  19  1:33  Hatchery, Overlord  
  18  1:55  Extractor  
  18  2:01  Queen  
  19  2:09  Zergling x2  
  19  2:10  Zergling x4  
  22  2:23  Drone  
  23  2:45  Drone x2  
  25  3:03  Drone x2  
  27  3:12  Overlord x2  
  27  3:30  Queen  
  29  3:47  Drone  
  29  3:48  Drone x3  
  31  3:52  Drone x3  
  36  4:08  Roach Warren  
  35  4:12  Drone  
  36  4:31  Drone x3  
  36  4:32  Drone, Overlord  
  36  4:33  Overlord  
  36  4:36  Zergling x2  
  41  4:45  Metabolic Boost  
  41  5:06  Hatchery  
  40  5:21  Roach x2  
  40  5:22  Roach x6  
  40  5:23  Roach x2  
  60  5:36  Extractor  
  60  5:39  Extractor  
  60  5:42  Extractor  
  57  5:44  Drone x3  
  57  5:47  Overlord x4  
  60  6:23  Queen  
  62  6:31  Drone x4  
  62  6:32  Drone x3  
  63  6:48  Roach x4  
  63  6:49  Roach x3  
  56  7:18  Roach x4  
  56  7:19  Roach x2  
  60  7:52  Queen  
  62  8:09  Roach x3  
  62  8:10  Roach x2  
  72  8:34  Drone x3  
  75  8:46  Roach  
  75  8:47  Roach x7  
  75  8:48  Roach x3  
  97  8:56  Evolution Chamber  
  97  8:59  Evolution Chamber  
  95  9:21  Roach  
  95  9:23  Overlord  
  95  9:24  Overlord x2  
  97  9:43  Zerg Missile Weapons Level 1  
  97  9:45  Zerg Ground Armor Level 1  
  97  10:06  Roach  
  101  10:07  Roach x5  
  101  10:08  Roach x6  
  89  10:57  Roach x5  
  89  10:58  Roach x8  
  89  10:59  Roach x2  
  109  11:42  Roach x6  
Tags
 
Add a new tag
Caveats
  • Supply blocks, unpowered buildings, or Contaminate may cause inaccurate times.
  • Supply counts are checked every 10 seconds.